 Dungeon Crawl Stone Soup version 0.22.1-2-g9c5b331383 (webtiles) character file.

69 Ihlosi the Sneak (level 4, -2/24 HPs)
             Began as a Kobold Enchanter on Dec 30, 2018.
             Slain by a worm (4 damage)
             ... on level 2 of the Dungeon.
             The game lasted 00:05:19 (2426 turns).

Ihlosi the Sneak (Kobold Enchanter)                 Turns: 2426, Time: 00:05:20

Health: -2/24      AC:  4    Str:  5    XL:     4   Next: 42%
Magic:  2/7        EV: 16    Int: 17    God:
Gold:   104        SH:  0    Dex: 15    Spells: 2/8 levels left

rFire    . . .     SeeInvis .   a - +1 dagger
rCold    . . .     Gourm    .   (shield restricted)
rNeg     . . .     Faith    .   b - +0 robe
rPois    .         Spirit   .   h - +0 helmet
rElec    .         Reflect  .   (no cloak)
rCorr    .         Harm     .   j - +0 pair of gloves
MR       .....                  (no boots)
Stlth    +++.......             (no amulet)
HPRegen  0.08/turn              (no ring)
MPRegen  0.10/turn              (no ring)

@: no status effects
A: small, carnivore
a: no special abilities


You were on level 2 of the Dungeon.
You were very full.

You visited 1 branch of the dungeon, and saw 2 of its levels.

You collected 104 gold pieces.

Inventory:

Hand Weapons
 a - a +1 dagger (weapon)
Missiles
 g - 7 curare-tipped needles
 l - 11 poisoned needles
Armour
 b - a +0 robe (worn)
 h - a +0 helmet (worn)
 j - a +0 pair of gloves (worn)
Magical Staves
 m - an uncursed staff of fire
Potions
 e - a potion of mutation
 i - a potion of might {unknown}
Comestibles
 d - 3 rations


   Skills:
 * Level 0.9 Fighting
 * Level 2.4 Short Blades
 * Level 0.3 Armour
 * Level 3.0 Dodging
 * Level 4.5 Stealth
 * Level 2.5 Spellcasting
 * Level 0.4 Conjurations
 * Level 3.4 Hexes


You had 2 spell levels left.
You knew the following spells:

 Your Spells              Type           Power        Failure   Level  Hunger
a - Dazzling Spray        Conj/Hex       #.....       26%         3    ###....
b - Ensorcelled Hibernat  Hex/Ice        #.....       14%         2    ##.....
d - Corona                Hex            ##.....      4%          1    #......

Your spell library contained the following spells:

 Spells                   Type           Power        Failure   Level  Hunger
 Confuse                  Hex            ##......     14%         3    ###....
 Tukima's Dance           Hex            ##......     14%         3    ###....


Dungeon Overview and Level Annotations

Branches:
Dungeon (2/15)

Altars:


Innate Abilities, Weirdness & Mutations

You are small and have problems with some larger weapons.
You are carnivorous and can eat meat at any time.


Message History

You hit the worm.
The worm is moderately wounded.
You hit the worm.
The worm is moderately wounded.
The worm closely misses you.
You hit the worm.
The worm is moderately wounded.
You barely miss the worm.
The worm is moderately wounded.
The worm bites you!
You hit the worm.
The worm is moderately wounded.
The worm bites you!
* * * LOW HITPOINT WARNING * * *
You barely miss the worm.
The worm is moderately wounded.
You hit the worm.
The worm is heavily wounded.
The worm bites you.
You die...

### ########### ..#
#...)...... ..#
#.......... ..#
#.......... ### ..#
#.......... ..# ..#
####..w....... #.# ..#
#.....@....... #.# ..#
#............. #.# ..#
#....####+###'#.####.#
### #....# #......#
###########....# ##
#####..#
..............†+ .>#
#....#
###########....#####.+
#w#.##
#...................
#.#.#
#........##..##..##.
#.#.#


You could see a worm.

Vanquished Creatures
  Natasha (D:2)
  A worm (D:2)
  3 dart slugs
  A leopard gecko (D:1)
  5 bats
  3 giant cockroaches
  7 goblins
  4 hobgoblins
  3 frilled lizards
  4 kobolds (D:1)
  2 rats (D:2)
34 creatures vanquished.

Notes
Turn   | Place    | Note
-------+----------+-------------------------------------------
     0 | D:1      | Ihlosi the Kobold Enchanter began the quest for the Orb.
     0 | D:1      | Reached XP level 1. HP: 10/10 MP: 3/3
    86 | D:1      | Reached XP level 2. HP: 3/15 MP: 0/5
    94 | D:1      | Learned a level 2 spell: Ensorcelled Hibernation
  1029 | D:1      | Reached XP level 3. HP: 5/20 MP: 3/6
  1034 | D:1      | Learned a level 3 spell: Dazzling Spray
  2334 | D:2      | Noticed Natasha
  2338 | D:2      | Killed Natasha
  2338 | D:2      | Reached XP level 4. HP: 20/24 MP: 2/7
  2426 | D:2      | Slain by a worm

Skill      XL: |  1  2  3 |
---------------+----------+-----
Short Blades   | 2 |  2.4
Dodging        | 3 |  3.0
Fighting       | |  0.9
Armour         | |  0.3
Stealth        | |  4.5
Spellcasting   | |  2.5
Conjurations   | |  0.4
Hexes          | |  3.4

Action                   |  1- 3 |  4- 6 || total
-------------------------+-------+-------++-------
Melee: Dagger            |   154 |    14 ||   168
 Cast: Corona            |     3 |       ||     3
       Ensorcelled Hiber |    13 |     4 ||    17
       Dazzling Spray    |     2 |       ||     2
  Use: Scroll            |     4 |     2 ||     6
 Stab: Sleeping          |     8 |     1 ||     9
  Eat: Chunk             |    14 |       ||    14
Armor: Robe              |    27 |       ||    27
Dodge: Dodged            |   134 |     7 ||   141
